 Dungeon Crawl Stone Soup version 0.32-a0-876-gcfddb08e57 (webtiles) character file.

Game seed: 8669997303238227589

130 Foxy the Chopper (level 5, -3/41 HPs)
             Began as a Coglin Gladiator on Mar 31, 2024.
             Killed by nerve-wracking pain
             ... invoked by an orc priest
              (10 damage)
             ... on level 2 of the Dungeon.
             The game lasted 00:01:45 (1311 turns).

Foxy the Chopper (Coglin Gladiator)                 Turns: 1311, Time: 00:01:45

Health: -3/41      AC:  5    Str: 16    XL:     5   Next: 14%
Magic:  5/5        EV: 12    Int:  7    God:
Gold:   33         SH:  0    Dex: 16    Spells: 4/4 levels left

rFire   . . .        a - +0 war axe {Tae}
rCold   . . .        f - +0 dagger {Anan}
rNeg    . . .        q - +1 leather armour {rPois}
rPois   +            c - +0 helmet
rElec   .            (no cloak)
rCorr   .            (no gloves)
SInv    .            (no boots)
Will    .....        (amulet unavailable)
Stlth   +            (ring unavailable)
HPRegen 0.26/turn    (ring unavailable)
MPRegen 0.09/turn    (no gizmo)

%: no passive effects
@: revved
A: off-hand wielding, slow wielding, warmup strikes, no jewellery
a: Invent Gizmo, Convert to Beogh


You were on level 2 of the Dungeon.
You visited 1 branch of the dungeon, and saw 2 of its levels.

You collected 33 gold pieces.

Inventory:

Hand Weapons
 a - a +0 war axe (weapon) {Tae}
 f - a +0 dagger (offhand) {Anan}
Missiles
 d - 3 throwing nets (quivered)
 e - 7 javelins
 m - 6 poisoned darts
Armour
 c - a +0 helmet (worn)
 q - a +1 leather armour of poison resistance (worn)
Wands
 n - a wand of flame (1)
Scrolls
 k - a scroll of blinking {unknown}
 l - 2 scrolls of teleportation {unknown}
 o - a scroll of fog {unknown}
 p - a scroll of enchant armour {unknown}
Potions
 b - a potion of berserk rage {unknown}
 g - a potion of resistance {unknown}
 h - a potion of ambrosia {unknown}
 i - a potion of might {unknown}
 j - a potion of cancellation {unknown}


   Skills:
 + Level 3.0 Fighting
 * Level 4.5 Axes
 - Level 1.7 Throwing
 + Level 3.4 Dodging


You had 4 spell levels left.
You didn't know any spells.
Your spell library was empty.

Dungeon Overview and Level Annotations

Branches:
Dungeon (2/15)

Altars:


Innate Abilities, Weirdness & Mutations

You can wield a second weapon in your off-hand.
It takes a long time for you to wield or remove held weapons.
Your first few attacks do less damage.
You cannot equip rings or amulets.


Message History

Unknown command.
You hit the orc priest but do no damage.
The orc priest is lightly wounded.
You hit the orc priest but do no damage.
The orc priest barely misses you.
The orc hits you from afar with a +0 trident.
The orc priest threatens, "Beogh's wrath is as vast as their mercy.
Make your choice!" (press Y on the ability menu to convert to Beogh)
You barely miss the orc priest with your +0 war axe.
The orc priest shouts, "Beogh offers mercy even to people such as you.
Join us and be reborn!"
The orc priest is lightly wounded.
You hit the orc priest but do no damage.
The orc priest hits you with a +0 mace. The orc hits you but does no damage.
You hit the orc priest but do no damage.
The orc priest is lightly wounded.
You closely miss the orc priest with your +0 dagger.
The orc priest mumbles some strange prayers to Beogh against you.
Pain shoots through your body!
* * * LOW HITPOINT WARNING * * *
The orc barely misses you.
Unknown command.
You hit the orc priest but do no damage.
The orc priest threatens, "Beogh's wrath is as vast as their mercy.
Make your choice!"
The orc priest is lightly wounded.
You hit the orc priest with your +0 war axe.
The orc priest misses you.
The orc hits you from afar with a +0 trident.
* * * LOW HITPOINT WARNING * * *
The orc priest completely misses you. The orc closely misses you.
You hit the orc priest but do no damage.
The orc priest is heavily wounded.
You hit the orc priest but do no damage.
The orc priest shouts, "The Pantheon deserves no one's loyalty.
Let us show you the true path!" The orc priest misses you.
The orc closely misses you.
You hit the orc priest but do no damage.
The orc priest is heavily wounded.
You hit the orc priest with your +0 war axe.
The orc priest calls down the wrath of Beogh upon you.
Pain shoots through your body!
You die...

#.........###....#####
+.........+.....[.....
#.........###....#####
##.......## #.#.##
##.....## #.###
##...## #.# ##'## #.#
#####.# #. .oo#@#
#.#o## #.ooo# #.....#
....#..## #.#..###.#
#.# #. .(. #.## ### .#


You could see an orc priest and 3 orcs.

Vanquished Creatures
  Jessica (D:2)
  Natasha (twice) (D:2)
  3 dart slugs
  5 endoplasms
  2 giant cockroaches (D:1)
  5 goblins
  5 hobgoblins
  2 kobolds (D:1)
  2 quokkas
  8 ball pythons
  3 bats
  10 frilled lizards
  2 rats
50 creatures vanquished.

Notes
Turn   | Place    | Note
-------+----------+-------------------------------------------
     0 | D:1      | Foxy the Coglin Gladiator began the quest for the Orb.
     0 | D:1      | Reached XP level 1. HP: 16/16 MP: 1/1
   139 | D:1      | Reached XP level 2. HP: 22/22 MP: 2/2
   369 | D:1      | Reached XP level 3. HP: 28/28 MP: 3/3
   758 | D:2      | Noticed Natasha
   771 | D:2      | Killed Natasha
   772 | D:2      | Reached skill level 4 in Axes
   772 | D:2      | Reached XP level 4. HP: 31/34 MP: 4/4
   982 | D:2      | Noticed Natasha
   986 | D:2      | Killed Natasha
  1034 | D:2      | Noticed Jessica
  1040 | D:2      | Killed Jessica
  1041 | D:2      | Reached XP level 5. HP: 36/41 MP: 5/5
  1311 | D:2      | Killed from afar by an orc priest

Illustrated notes

Levels and vault maps discovered:
D:1:      ncdulo_halloftheorcs, layout_basic, dreamdust_princess_bridge,
          corner_web_ring, minmay_lizard_king
D:2:      layout_loops_corners, uniq_jessica, uniq_natasha

Skill      XL: |  1  2  3  4 |
---------------+-------------+-----
Dodging        | 3 |  3.4
Axes           | 4 |  4.5
Fighting       | 3 |  3.0
Throwing       | |  1.7

Action                     |  1- 3 |  4- 6 || total
---------------------------+-------+-------++-------
  Melee: War axe           |    71 |    37 ||   108
         Dagger            |    62 |    33 ||    95
         Unarmed           |     6 |       ||     6
  Evoke: Wand              |       |     1 ||     1
   Stab: Sleeping          |     1 |       ||     1
 Armour: Leather armour    |    11 |    12 ||    23
         Ring mail         |    24 |    18 ||    42
         Skin              |     2 |       ||     2
  Dodge: Dodged            |    57 |    29 ||    86

Table legend: (Time is in decaauts)
 A = Elapsed time spent in this place.
 B = Non-inter-level travel time spent in this place.
 C = Inter-level travel time spent in this place.
 D = Time resting spent in this place.
 E = Time spent auto-exploring this place.
 F = Levels seen in this place.
 G = Mean time per level.
                   A        B        C        D        E       F      G
               +--------+--------+--------+--------+--------+-----+--------+
         Total |   1328 |   1317 |     11 |      0 |   1017 |   2 |  664.0 |
       Dungeon |   1328 |   1317 |     11 |      0 |   1017 |   2 |  664.0 |
               +--------+--------+--------+--------+--------+-----+--------+

Top non-repeatable levels by time:
     D:1: 767 daAuts
     D:2: 560 daAuts
